 Dungeon Crawl Stone Soup version 0.29-a0-1027-gcd8c55af63 (webtiles) character file.

Game seed: 15069236616031094750

30116 inmateoo the Thrower (level 13, -6/192 HPs)
             Began as a Troll Hunter on Aug 13, 2022.
             Was the Champion of Okawaru.
             Mangled by a sphinx (12 damage)
             ... while paralysed by a great orb of eyes
             ... on level 13 of the Dungeon.
             The game lasted 00:30:38 (12057 turns).

inmateoo the Thrower (Troll Hunter)                Turns: 12057, Time: 00:30:38

Health: -6/192     AC: 30    Str: 22      XL:     13   Next: 18%
Magic:  17/17      EV:  1    Int:  0 (5)  God:    Okawaru [******]
Gold:   1183       SH:  0    Dex: 17      Spells: 12/12 levels left

rFire   . . .      SeeInvis .     - Unarmed
rCold   . . .      Faith    .   E - +1 kite shield of Ykhuu {Slay+2}
rNeg    . . .      Spirit   .   (body armour currently unavailable)
rPois   +          Reflect  .   (helmet currently unavailable)
rElec   .          Harm     .   (cloak currently unavailable)
rCorr   .          Rampage  .   (gloves unavailable)
Will    .....      NoTele   +   (boots unavailable)
Stlth   ++........              f - amulet of regeneration
HPRegen 2.02/turn               A - +4 ring of protection
MPRegen 0.15/turn               c - +4 ring of evasion

@: paralysed, tree-form, hasted and slowed, lost intelligence, unable to read
A: stationary, stasis, torment immunity, boosted hp, large, unfitting armour,
(claws 3), regeneration 1, (shaggy fur 1), (tough skin 1)
a: Renounce Religion, Heroism, Finesse, Duel


You were on level 13 of the Dungeon.
You worshipped Okawaru.
Okawaru was exalted by your worship.
You were a tree.
You visited 2 branches of the dungeon, and saw 14 of its levels.
You visited the Abyss 1 time.
You also visited: Ice Cave.

You collected 1271 gold pieces.
You spent 88 gold pieces at shops.

Inventory:

Hand Weapons
 a - a +1 shortbow of flaming
Missiles
 d - 5 boomerangs of dispersal
 u - 3 boomerangs
 B - 5 large rocks (quivered)
 C - 5 javelins
 H - 2 silver javelins
 I - a throwing net
Armour
 v - a +1 cloak of poison resistance (melded)
 z - +0 steam dragon scales (melded)
 E - the +1 kite shield of Ykhuu (worn) {Slay+2}
   (Okawaru gifted it to you on level 11 of the Dungeon)

   Slay:      It affects your accuracy & damage with ranged weapons and melee
   (+2).
Jewellery
 c - a +4 ring of evasion (right branch)
 f - an amulet of regeneration (around neck)
 y - a ring of ice
 A - a +4 ring of protection (left branch)
 G - a ring of positive energy
Wands
 q - a wand of flame (25)
 t - a wand of mindburst (18)
 K - a wand of iceblast (6)
Scrolls
 i - 3 scrolls of fear
 l - 3 scrolls of poison
 s - 2 scrolls of teleportation
 w - 2 scrolls of enchant armour
 D - 2 scrolls of amnesia
 J - a scroll of magic mapping
Potions
 b - 5 potions of brilliance
 g - 3 potions of might
 h - 2 potions of magic
 j - 3 potions of flight
 m - 5 potions of curing
 n - a potion of cancellation
 o - 2 potions of mutation {unknown}
 p - 2 potions of invisibility {unknown}
 r - 5 potions of heal wounds {unknown}
 x - a potion of resistance
Miscellaneous
 F - a lightning rod (4/4)


   Skills:
 + Level 8.7 Fighting
 - Level 2.6 Ranged Weapons
 + Level 9.8 Throwing
 - Level 2.0 Armour
 + Level 9.4 Dodging
 - Level 0.3 Stealth
 + Level 4.4 Shields
 + Level 9.3 Unarmed Combat
 + Level 7.4 Invocations


You had 12 spell levels left.
You didn't know any spells.
Your spell library contained the following spells:

 Spells                   Type           Power      Damage    Failure   Level
 Apportation              Tloc           0%         N/A       86%         1
 Sandblast                Erth           0%         2d4       86%         1
 Slow                     Hex            0%         N/A       86%         1
 Blink                    Tloc           0%         N/A       95%         2
 Passwall                 Tmut/Erth      0%         N/A       95%         2
 Confusing Touch          Hex            0%         N/A       99%         3
 Frozen Ramparts          Ice            0%         1d1       99%         3
 Lesser Beckoning         Tloc           0%         N/A       99%         3
 Ozocubu's Armour         Ice            0%         N/A       99%         3
 Stone Arrow              Conj/Erth      0%         3d7       99%         3
 Vampiric Draining        Necr           0%         2d6       99%         3
 Ice Form                 Ice/Tmut       0%         N/A       100%        4
 Alistair's Intoxication  Tmut/Pois      0%         N/A       100%        5
 Borgnjor's Vile Clutch   Necr/Erth      0%         N/A       100%        5
 Manifold Assault         Tloc           0%         N/A       100%        5
 Metabolic Englaciation   Hex/Ice        0%         N/A       100%        5
 Eringya's Noxious Bog    Tmut/Pois      0%         N/A       100%        6
 Summon Small Mammal      Summ           Unusable   N/A       N/A         1
 Call Canine Familiar     Summ           Unusable   N/A       N/A         3
 Summon Guardian Golem    Hex/Summ       Unusable   N/A       N/A         3
 Summon Ice Beast         Ice/Summ       Unusable   N/A       N/A         4
 Simulacrum               Ice/Necr       Unusable   N/A       N/A         6

Dungeon Overview and Level Annotations

Branches:
Dungeon (13/15)            Temple (1/1) D:6            Lair (0/5) D:11
    Orc (0/2) D:9           IceCv (visited)
 Vaults: D:13-14

Altars:
Ashenzari
Cheibriados
Dithmenos
Elyvilon
Fedhas
Gozag
Hepliaklqana
Kikubaaqudgha
Makhleb
Nemelex Xobeh
Okawaru
Qazlal
Ru
Sif Muna
Trog
Uskayaw
Vehumet
Wu Jian
Xom
Yredelemnul
Zin
The Shining One

Shops:
D:4 *   D:7 (

Annotations:
D:10 exclusion: door


Innate Abilities, Weirdness & Mutations

You are a tree.
Your roots penetrate the ground, keeping you stationary.
You cannot be teleported.
You are immune to unholy pain and torment.
Your maximum health is greatly increased.
Your equipment is partially melded.
You are too large for most types of armour.
((You have claws for hands.))
Your natural rate of healing is unusually fast.
((You are covered in fur. (AC +1)))
((You have tough skin. (AC +1)))


Message History

The tengu conjurer claws you but does no damage.
You can move again.
You feel better. The great orb of eyes gazes at you.
You resist with significant effort.
The sphinx hits you but does no damage. x3
The tengu conjurer hits you but does no damage.
The tengu conjurer pecks you but does no damage.
You block the tengu conjurer's attack. The sphinx hits you but does no damage.
The sphinx hits you.
* * * LOW HITPOINT WARNING * * *
You block the sphinx's attack.
The great orb of eyes bites you but does no damage.
Unknown command.
You feel yourself speed up. The tengu conjurer hits you.
* * * LOW HITPOINT WARNING * * *
You block the tengu conjurer's attack.
The tengu conjurer claws you but does no damage.
The sphinx hits you but does no damage. x3
The great orb of eyes gazes at you.
You suddenly lose the ability to move!
The tengu conjurer hits you but does no damage.
The tengu conjurer completely misses you.
The tengu conjurer claws you but does no damage.
The sphinx casts a spell.
You struggle to resist.
The great orb of eyes bites you but does no damage.
The tengu conjurer hits you but does no damage.
The tengu conjurer pecks you but does no damage.
The tengu conjurer claws you but does no damage.
The sphinx hits you but does no damage. x3; The great orb of eyes bites you.
* * * LOW HITPOINT WARNING * * *
The tengu conjurer points at you and mumbles some strange words.
The bolt of lightning hits you!!
* * * LOW HITPOINT WARNING * * *
The bolt of lightning hits you!
* * * LOW HITPOINT WARNING * * *
The sphinx hits you but does no damage. x3
The great orb of eyes bites you but does no damage.
The sphinx hits you!
You die...

....<.....##...##
.....
..........###...##
#... ..........#
##...## #....
.....###..#
##...###...#
.....# #..#
##...#...# ##...#
#### ##.....#
#...# ##...##
#...# ##.#...#
#...# #♣..#...#
##### #HQG###...#
....## #...#
#...## #... ##..
#.. ##. #. ##


You could see a sphinx, a great orb of eyes and a tengu conjurer.

Vanquished Creatures
  A draconian shifter (Abyss:1)
  2 white draconians
  Snorg (D:13)
  2 hydras (D:13)
  2 boulder beetles
  A centaur warrior (D:12)
  Erolcha (D:11)
  An ogre mage (D:13)
  3 two-headed ogres
  A catoblepas (D:13)
  A tengu warrior (D:13)
  Urug (D:13)
  A thrashing horror (Abyss:1)
  A glowing orange brain (shapeshifter) (D:13)
  A flayed ghost (D:13)
  A spriggan simulacrum (Abyss:1)
  A lindwurm (shapeshifter) (D:13)
  A deep elf pyromancer (D:10)
  2 manticores
  3 ugly things
  A worldbinder (Abyss:1)
  A cyclops (D:11)
  A large abomination (Abyss:1)
  2 ice statues (IceCv)
  2 gargoyles
  2 unseen horrors
  A freezing wraith (D:10)
  Psyche (D:8)
  A komodo dragon (D:10)
  4 rime drakes (IceCv)
  2 ice devils (D:12)
  A kobold demonologist (D:11)
  2 tengu conjurers (D:13)
  6 trolls
  A hornet (D:7)
  A meliai (D:10)
  A shadow (D:13)
  4 yaks (D:8)
  2 wraiths
  3 steam dragons
  A vampire mosquito (D:13)
  Menkaure (D:4)
  Edmund (D:5)
  3 wargs (D:11)
  An acid dragon (D:10)
  3 water moccasins
  Duvessa (D:7)
  2 orc warriors
  2 black bears
  An ice beast (D:8)
  3 ogres
  10 centaurs
  A kobold brigand (D:9)
  A bullfrog (D:9)
  2 necrophages
  3 gnoll sergeants
  A scorpion (D:4)
  10 wights
  Dowan (D:7)
  8 killer bees
  7 lindwurm simulacra (IceCv)
  2 howler monkeys
  4 komodo dragon simulacra (IceCv)
  3 hounds
  A quasit (Abyss:1)
  A gnoll bouda (D:5)
  10 orc priests
  2 jellies
  Crazy Yiuf (D:6)
  Ijyb (D:4)
  3 iguanas
  12 orc wizards
  Natasha (twice) (D:4)
  A mummy (D:6)
  20 gnolls
  4 adders
  2 acid dragon simulacra (IceCv)
  2 shadow imps
  4 white imps
  4 ufetubi
  7 steam dragon simulacra (IceCv)
  2 worms
  A dart slug (D:5)
  64 orcs
  A bat (D:2)
  4 endoplasms
  5 giant cockroaches
  7 goblins
  3 hobgoblins
  2 jackals (D:5)
  3 quokkas
  5 ball pythons
  2 frilled lizards (D:2)
  2 hobgoblin zombies (D:6)
  20 kobolds
  A kobold zombie (D:6)
  An orc zombie (D:6)
  4 rats
343 creatures vanquished.

Vanquished Creatures (others)
  A plant (D:11)
1 creature vanquished.

Grand Total: 344 creatures vanquished

Notes
Turn   | Place    | Note
-------+----------+-------------------------------------------
     0 | D:1      | inmateoo the Troll Hunter began the quest for the Orb.
     0 | D:1      | Reached XP level 1. HP: 19/19 MP: 0/0
   298 | D:1      | Found a faded altar of an unknown god.
   704 | D:2      | Reached XP level 2. HP: 28/28 MP: 1/1
  1065 | D:2      | Reached skill level 1 in Throwing
  1065 | D:2      | Reached skill level 1 in Unarmed Combat
  1113 | D:2      | Reached XP level 3. HP: 35/35 MP: 2/2
  1421 | D:3      | Reached XP level 4. HP: 9/42 MP: 3/3
  1614 | D:3      | Found a broken altar of Ashenzari.
  2215 | D:4      | Noticed a water moccasin
  2220 | D:4      | Killed a water moccasin
  2221 | D:4      | Reached XP level 5. HP: 52/52 MP: 4/4
  2292 | D:4      | Noticed Ijyb
  2306 | D:4      | Killed Ijyb
  2339 | D:4      | Noticed Menkaure
  2351 | D:4      | Killed Menkaure
  2352 | D:4      | Reached XP level 6. HP: 45/61 MP: 5/5
  2539 | D:4      | Noticed Natasha
  2548 | D:4      | Killed Natasha
  2556 | D:4      | Found Unyrayschu's Gadget Gallery.
  2622 | D:5      | Entered Level 5 of the Dungeon
  2629 | D:5      | Reached XP level 7. HP: 38/67 MP: 6/6
  2700 | D:5      | Found a bloodstained altar of Trog.
  2763 | D:5      | Found a stormy altar of Qazlal.
  3100 | D:5      | Reached XP level 8. HP: 52/78 MP: 7/7
  3101 | D:4      | Noticed Natasha
  3114 | D:4      | Killed Natasha
  3347 | D:5      | Found a shimmering blue altar of Sif Muna.
  3492 | D:6      | Found a staircase to the Ecumenical Temple.
  3568 | Temple   | Entered the Ecumenical Temple
  3656 | Temple   | Became a worshipper of Warmaster Okawaru
  3848 | D:6      | Noticed Edmund
  3878 | D:5      | Killed Edmund
  3879 | D:5      | Reached skill level 1 in Invocations
  3931 | D:6      | Found an ancient bone altar of Kikubaaqudgha.
  3977 | D:6      | Reached skill level 5 in Unarmed Combat
  4015 | D:6      | Reached * piety under Okawaru
  4443 | D:6      | Found a runed translucent door.
  4444 | D:6      | Noticed Crazy Yiuf
  4453 | D:6      | Killed Crazy Yiuf
  4616 | D:7      | Reached skill level 5 in Fighting
  4616 | D:7      | Reached skill level 5 in Throwing
  4616 | D:7      | Reached skill level 5 in Dodging
  4637 | D:7      | Noticed Dowan
  4641 | D:7      | Noticed Duvessa
  4642 | D:7      | Killed Dowan
  4643 | D:7      | Reached XP level 9. HP: 88/88 MP: 9/9
  4768 | D:7      | Killed Duvessa
  4865 | D:7      | Reached ** piety under Okawaru
  5560 | D:7      | Found an opulent altar of Gozag.
  5610 | D:7      | Found Ysiud's Firing Range.
  5622 | D:7      | Bought 2 large rocks for 16 gold pieces
  5622 | D:7      | Bought a throwing net for 36 gold pieces
  5622 | D:7      | Bought a throwing net for 36 gold pieces
  5951 | D:8      | Reached *** piety under Okawaru
  5989 | D:8      | Reached XP level 10. HP: 95/98 MP: 12/12
  6006 | D:8      | Noticed Psyche
  6013 | D:8      | Killed Psyche
  6267 | D:9      | Found a basalt altar of Yredelemnul.
  6447 | D:9      | You fall into a shaft and drop 1 floor!
  6447 | D:10     | Entered Level 10 of the Dungeon
  6451 | D:10     | Found a shadowy altar of Dithmenos.
  6630 | D:9      | Reached **** piety under Okawaru
  6716 | D:9      | Found a staircase to the Orcish Mines.
  6874 | D:9      | Reached skill level 5 in Invocations
  7355 | D:10     | Noticed a +0 dagger
  7355 | D:10     | Noticed a +0 hand axe
  7357 | D:10     | Found a hide-covered altar of Uskayaw.
  7490 | D:10     | Noticed a deep elf pyromancer
  7505 | D:10     | Killed a deep elf pyromancer
  7505 | D:10     | Reached ***** piety under Okawaru
  7517 | D:10     | Noticed a great orb of eyes
  7517 | D:10     | Noticed a deep troll earth mage
  8067 | D:11     | Noticed a gargoyle
  8073 | D:10     | Reached XP level 11. HP: 80/109 MP: 13/13
  8424 | D:11     | Noticed a two-headed ogre
  8431 | D:11     | Killed a two-headed ogre
  8820 | D:11     | Noticed a two-headed ogre
  8829 | D:11     | Killed a two-headed ogre
  8829 | D:11     | Received a gift from Okawaru
  8830 | D:11     | Reached skill level 1 in Armour
  8858 | D:11     | Found a staircase to the Lair.
  8927 | D:11     | Noticed Erolcha
  8938 | Abyss:1  | Cast into level 1 of the Abyss (Erolcha)
  9012 | Abyss:1  | Noticed a purple draconian shifter
  9043 | Abyss:1  | Killed a purple draconian shifter
  9043 | Abyss:1  | Received a gift from Okawaru
  9092 | Abyss:1  | Received a gift from Okawaru
  9098 | Abyss:1  | Noticed a white draconian
  9113 | Abyss:1  | Killed a white draconian
  9200 | Abyss:1  | Noticed a thrashing horror
  9211 | Abyss:1  | Killed a thrashing horror
  9214 | D:11     | Escaped the Abyss
  9220 | D:11     | Killed Erolcha
  9220 | D:11     | Reached ****** piety under Okawaru
  9220 | D:11     | Identified the +1 kite shield of Ykhuu {Slay+2} (Okawaru
                  | gifted it to you on level 11 of the Dungeon)
  9220 | D:11     | Received a gift from Okawaru
  9259 | D:11     | Reached skill level 1 in Shields
  9392 | D:11     | Noticed a boulder beetle
  9423 | D:11     | Killed a boulder beetle
  9424 | D:11     | Reached XP level 12. HP: 86/119 MP: 15/15
  9601 | D:12     | Found a frozen archway.
  9626 | IceCv    | Entered an ice cave
  9869 | IceCv    | Noticed a white draconian
  9887 | IceCv    | Killed a white draconian
 10949 | D:13     | Noticed Snorg
 10968 | D:13     | Killed Snorg
 11272 | D:13     | Noticed an eight-headed hydra
 11272 | D:13     | Noticed a centaur warrior
 11296 | D:12     | Killed a centaur warrior
 11398 | D:13     | Killed an eight-headed hydra
 11398 | D:13     | Received a gift from Okawaru
 11439 | D:13     | Noticed a two-headed ogre
 11445 | D:13     | Killed a two-headed ogre
 11451 | D:13     | Noticed an ogre mage
 11460 | D:13     | Killed an ogre mage
 11467 | D:13     | Noticed an eight-headed hydra
 11507 | D:13     | Noticed Urug
 11516 | D:13     | Killed Urug
 11719 | D:13     | Reached XP level 13. HP: 99/128 MP: 17/17
 11768 | D:13     | Identified the +2 robe of Death Resistance {Drain Int+3
                  | Dex+3 Stlth+} (Okawaru gifted it to you on level 13 of the
                  | Dungeon)
 11768 | D:13     | Received a gift from Okawaru
 11897 | D:13     | Lost intelligence.
 12041 | D:13     | Noticed a sphinx
 12050 | D:13     | Paralysed by a great orb of eyes for 3 turns
 12054 | D:13     | Paralysed by a great orb of eyes for 4 turns
 12056 | D:13     | HP: 4/192 [tengu conjurer/bolt of lightning (11)]
 12057 | D:13     | Mangled by a sphinx

Illustrated notes

Levels and vault maps discovered:
D:1:      tarquinn_simple_flora_water_e, layout_loops_cross,
          basic_ecumenical_altar, nicolae_concentric_dashed_squares_mild
D:2:      layout_basic
D:3:      layout_basic, ashenzari_altar_1, hex_intersection, minmay_quantized
D:4:      layout_rooms, nicolae_shop_gadgets, uniq_natasha, uniq_menkaure,
          uniq_ijyb
D:5:      layout_gridville, lemuel_round_altar, marbit_many_paths,
          lemuel_tele_altar
D:6:      layout_loops_ring, lemuel_doored_altar, minmay_temple_entry_junction,
          minmay_mini_ossuary, uniq_crazy_yiuf_cottage, uniq_edmund
D:7:      layout_cave_pools, lemuel_crystal_altar, nicolae_shop_firing_range,
          uniq_duvessa
D:8:      layout_rooms, uniq_psyche
D:9:      layout_roguey, yredelemnul_altar_generic, hiddenorc2_lemuel
D:10:     minmay_shrinking_squares, layout_loops_cross,
          mainiacjoe_overflow_brackets, dancing_weapons_uskayaw, st_stairs_10
D:11:     layout_stronghold, erik_lair_orcish_takeover, minmay_holes,
          uniq_erolcha
D:12:     layout_loops_corners, portal_ice_cave_demonic_guard
D:13:     evilmike_diamond_1, layout_irregular_city, uniq_snorg, uniq_urug
Temple:   hellmonk_temple_forest_ring

Skill      XL: |  1  2  3  4  5  6  7  8  9 10 11 12 |
---------------+-------------------------------------+-----
Fighting       | 2 3 4 5 7 8 |  8.7
Dodging        | 2 3 4 5 7 8 9 |  9.4
Throwing       | 1 2 3 5 6 7 8 9 |  9.8
Unarmed Combat | 1 2 3 4 5 6 7 8 9 |  9.3
Invocations    | 2 4 5 6 7 |  7.4
Armour         | 2 |  2.0
Shields        | 1 4 |  4.4
Ranged Weapons | |  2.6
Stealth        | |  0.3

Action                   |  1- 3 |  4- 6 |  7- 9 | 10-12 | 13-15 || total
-------------------------+-------+-------+-------+-------+-------++-------
Melee: Unarmed           |    34 |    64 |   292 |   646 |    62 ||  1098
       Punch             |       |     2 |     9 |    18 |       ||    29
 Fire: Shortbow          |    67 |    62 |    37 |       |       ||   166
Throw: Stone             |       |       |    21 |       |       ||    21
       Throwing net      |       |       |     2 |     2 |       ||     4
       Boomerang         |       |       |    18 |    60 |       ||    78
       Large rock        |       |       |       |    39 |     5 ||    44
Invok: Heroism           |       |       |     1 |     7 |     1 ||     9
Evoke: Wand              |       |       |     5 |       |       ||     5
  Use: Scroll            |     6 |     8 |     7 |     6 |       ||    27
       Potion            |     1 |       |     2 |     5 |     3 ||    11
 Stab: Sleeping          |       |       |       |     1 |       ||     1
Armor: Robe              |    15 |    15 |    62 |    79 |       ||   171
       Skin              |     2 |       |    26 |     2 |    33 ||    63
       Steam dragon scal |       |       |       |   143 |    40 ||   183
Dodge: Dodged            |    20 |    35 |   170 |   479 |    62 ||   766
Block: Kite shield       |       |       |     6 |   111 |    45 ||   162

Table legend: (Time is in decaauts)
 A = Elapsed time spent in this place.
 B = Non-inter-level travel time spent in this place.
 C = Inter-level travel time spent in this place.
 D = Time resting spent in this place.
 E = Time spent auto-exploring this place.
 F = Levels seen in this place.
 G = Mean time per level.
                   A        B        C        D        E       F      G
               +--------+--------+--------+--------+--------+-----+--------+
         Total |  12105 |  11383 |    722 |   1635 |   6311 |  16 |  756.6 |
       Dungeon |  11331 |  10609 |    722 |   1439 |   6167 |  13 |  871.6 |
        Temple |     95 |     95 |      0 |      0 |     74 |   1 |   95.0 |
         Abyss |    275 |    275 |      0 |    188 |      0 |   1 |  275.0 |
      Ice Cave |    402 |    402 |      0 |      6 |     70 |   1 |  402.0 |
               +--------+--------+--------+--------+--------+-----+--------+

Top non-repeatable levels by time:
     D:6: 1385 daAuts
    D:10: 1222 daAuts
    D:13: 1192 daAuts
    D:12: 1011 daAuts
     D:5: 987 daAuts
    D:11: 964 daAuts
     D:3: 813 daAuts
     D:9: 785 daAuts
     D:2: 683 daAuts
     D:1: 645 daAuts
     D:7: 620 daAuts
     D:4: 558 daAuts
     D:8: 461 daAuts
   IceCv: 402 daAuts
 Abyss:1: 275 daAuts
